 Dungeon Crawl Stone Soup version 0.31.0-32-g396128a36d (webtiles) character file.

Game seed: 5447111653577637207

18179 Destapler the Grappler (level 12, 0/123 HPs)
             Began as a Troll Shapeshifter on Mar 17, 2024.
             Was the Champion of Cheibriados.
             Shot with an arrow by a centaur (8 damage)
             ... on level 12 of the Dungeon on Mar 22, 2024.
             The game lasted 00:27:44 (9177 turns).

Destapler the Grappler (Troll Shapeshifter)         Turns: 9177, Time: 00:27:44

Health: 0/123      AC:  3    Str: 50    XL:     12   Next: 25%
Magic:  15/15      EV: 16    Int: 21    God:    Cheibriados [******]
Gold:   844        SH:  5    Dex: 24    Spells: 11/11 levels left

rFire   . .          .
                       - Unarmed
rCold   . . .        (shield currently unavailable)
rNeg    . . .        a - melded +0 animal skin
rPois   .            O - +0 hat
rElec   .            j - +0 cloak
rCorr   +            (gloves unavailable)
SInv    .            (boots unavailable)
Will    .....        N - amulet of reflection
Stlth   +            l - +6 ring of strength
HPRegen 1.20/turn    D - ring of resist corrosion
MPRegen 0.14/turn

%: reflection
@: flux-form, glowing, very slow
A: glow, contaminating, large, unfitting armour, claws 3, regeneration 1, shaggy
fur 1, tough skin 1
a: Begin Untransformation, Renounce Religion, Bend Time, Temporal Distortion,
Slouch, Step From Time


You were on level 12 of the Dungeon.
You worshipped Cheibriados.
Cheibriados was exalted by your worship.
You were something dangerously unstable.
You visited 1 branch of the dungeon, and saw 12 of its levels.
You also visited: Bailey.

You collected 844 gold pieces.

Inventory:

Hand Weapons
 R - a +0 scimitar of flaming
Missiles
 p - 150 stones
 s - 11 boomerangs
Armour
 a - a +0 animal skin (melded)
 j - a +0 cloak (worn)
 O - a +0 hat (worn)
Jewellery
 l - a +6 ring of strength (left claw)
 r - a ring of see invisible
 B - an amulet of regeneration
 D - a ring of resist corrosion (right claw)
 F - a ring of protection from fire
 L - a ring of flight
 N - an amulet of reflection (around neck)
Talismans
 c - a beast talisman
 d - a flux talisman (active)
 w - a serpent talisman
Wands
 x - a wand of polymorph (5)
 y - a wand of paralysis (2)
 E - a wand of flame (21) (quivered)
 M - a wand of roots (8)
Scrolls
 e - 4 scrolls of teleportation
 i - 5 scrolls of blinking
 k - 2 scrolls of enchant weapon {unknown}
 q - 3 scrolls of vulnerability
 t - 2 scrolls of poison
 v - 2 scrolls of noise
 C - a scroll of revelation
 I - 4 scrolls of enchant armour {unknown}
 J - a scroll of fear {unknown}
 K - a scroll of acquirement {unknown}
 P - a scroll of amnesia
Potions
 f - a potion of mutation
 g - 3 potions of invisibility
 h - 6 potions of curing
 m - a potion of attraction {unknown}
 n - a potion of ambrosia
 o - 2 potions of haste
 u - a potion of degeneration {unknown}
 z - a potion of enlightenment {unknown}
 A - 3 potions of might
 G - a potion of heal wounds {unknown}
 H - a potion of magic {unknown}
 Q - a potion of resistance {unknown}


   Skills:
 + Level 9.1 Fighting
 - Level 4.0 Throwing
 - Level 4.0 Dodging
 + Level 11.1 Unarmed Combat
 + Level 5.4 Invocations
 - Level 2.0 Evocations
 - Level 10.0 Shapeshifting


You had 11 spell levels left.
You didn't know any spells.
Your spell library contained the following spells:

 Spells                   Type           Power      Damage    Failure   Level
 Magic Dart               Conj           0%         1d3       19%         1
 Blink                    Tloc           0%         N/A       26%         2
 Call Imp                 Summ           0%         N/A       26%         2
 Cigotuvi's Dreadful Rot  Necr/Alch/Air  0%         N/A       26%         2
 Gell's Gravitas          Tloc           0%         N/A       47%         3
 Teleport Other           Tloc           0%         N/A       47%         3
 Volatile Blastmotes      Fire/Tloc      0%         2d10      47%         3
 Fulminant Prism          Conj/Alch      0%         3d5       87%         4
 Ignite Poison            Fire/Alch      0%         N/A       87%         4
 Iskenderun's Mystic Bla  Conj/Tloc      0%         2d3       87%         4
 Olgreb's Toxic Radiance  Alch           0%         N/A       87%         4
 Freezing Cloud           Conj/Ice/Air   0%         6-21      99%         5
 Dispersal                Tloc           0%         N/A       100%        6
 Ozocubu's Refrigeration  Ice            0%         4d7       100%        7
 Discord                  Hex            0%         N/A       100%        8


Dungeon Overview and Level Annotations

Branches:
Dungeon (12/15)              Lair (0/5) D:8             Orc (0/2) D:11
 Bailey (visited)
 Temple: D:4-7

Altars:
Cheibriados
Makhleb
Okawaru
Trog
Zin


Innate Abilities, Weirdness & Mutations

You are something dangerously unstable.
You glow with magical radiation, making you easy to see and hit.
Foes you strike become dangerously contaminated with magical radiation.
You are incapable of wielding weapons or throwing items.
You are too large for most types of armour.
You have claws for hands.
Your natural rate of healing is unusually fast.
You are covered in fur. (AC +1)
You have tough skin. (AC +1)


Message History

The gnoll hits you from afar with a +0 spear.
* * * LOW HITPOINT WARNING * * *
You block the gnoll's attack.
You are too injured to fight recklessly!
You are too injured to fight recklessly!
Okay, then.
Aiming: Throw Flame
Press: ? - help, Shift-Dir - straight line, f/p - gnoll
Aim: a gnoll, wielding a +0 spear (almost dead, 75% to hit)
The puff of flame misses the gnoll.
The gnoll hits you but does no damage. x2
Aiming: Throw Flame
Press: ? - help, Shift-Dir - straight line, f/p - gnoll
Aim: a gnoll, wielding a +0 spear (almost dead, 75% to hit)
The puff of flame hits the gnoll.
You kill the gnoll!
Cheibriados appreciates the change of pace.
You block the gnoll's attack.
Aiming: Throw Flame
Press: ? - help, Shift-Dir - straight line, f - gnoll
Aim: a gnoll, wielding a +0 spear (75% to hit)
The puff of flame hits the gnoll!
The gnoll is severely wounded.
The gnoll hits you but does no damage.
Aiming: Throw Flame
Press: ? - help, Shift-Dir - straight line, f/p - gnoll
Aim: a gnoll, wielding a +0 spear (severely wounded, 75% to hit)
The puff of flame hits the gnoll.
You kill the gnoll!
Cheibriados appreciates the change of pace.
You feel less wooden.
Your +0 cloak unmelds from your body.
Your +0 hat unmelds from your body.
Your +0 animal skin unmelds from your body.
You turn into something dangerously unstable.
Your +0 animal skin melds into your body.
A centaur comes into view.
The centaur wields a +0 shortbow.
The centaur shoots an arrow.
The arrow hits you!
* * * LOW HITPOINT WARNING * * *
The centaur shoots an arrow.
The arrow hits you!
You die...

.##.# ###.. ...# .....
...# .... #..# ...
#..# ### .#...# g...
#..# .... .#...#
....##>.# ..... .#...#
#..g..##.p##.....
.#...# #..#..##..)..c#
.#...# #..#..##......#
.#...# #..#^.##.)....#
.#...# #..#..##)))...#
.....# #..#..........#
.....# #..#..†.......#
##...###..#..####..###
##........#)†# ++#


You could see a centaur.

Vanquished Creatures
  2 vault guards (Bailey)
  Harold (D:9)
  Erica (D:11)
  3 two-headed ogres
  Pikel (D:7)
  A cyclops (D:11)
  Joseph (D:7)
  An unseen horror (D:11)
  Maggie (D:10)
  4 komodo dragons
  2 trolls
  The ghost of Destapler the Insei, an amateur DsSh (D:4)
  Prince Ribbit (Bailey)
  A hornet (D:11)
  A shadow (D:9)
  6 slime creatures (D:12)
  5 yaks (D:9)
  2 wraiths
  7 humans (Bailey)
  2 wyverns (D:8)
  7 vampire mosquitoes
  A basilisk (D:8)
  3 steam dragons
  An acid dragon (D:11)
  A water moccasin (D:7)
  A swamp drake (D:8)
  4 orc warriors
  2 ice beasts
  2 black bears
  3 sky beasts
  10 centaurs
  A lemure (D:7)
  A phantom (D:5)
  6 kobold brigands
  A gnoll sergeant (D:12)
  5 bullfrogs (Bailey)
  7 scorpions
  13 wights
  9 killer bees
  3 howler monkeys (D:9)
  6 orc priests
  5 hounds
  A jelly (D:7)
  3 sleepcaps
  3 orc wizards
  Natasha (thrice) (D:4)
  3 iguanas
  9 gnolls
  11 adders
  2 ufetubi (D:5)
  2 dart slugs
  3 ribbon worms
  25 orcs
  10 bats
  6 endoplasms
  5 giant cockroaches
  12 goblins
  5 hobgoblins
  30 kobolds
  A quokka (D:3)
  7 ball pythons
  3 rats
280 creatures vanquished.

Notes
Turn   | Place    | Note
-------+----------+-------------------------------------------
     0 | D:1      | Destapler the Troll Shapeshifter began the quest for the
                  | Orb.
     0 | D:1      | Reached XP level 1. HP: 18/18 MP: 0/0
    82 | D:1      | Reached skill level 1 in Fighting
   138 | D:1      | Reached XP level 2. HP: 22/27 MP: 1/1
   776 | D:2      | Reached XP level 3. HP: 28/33 MP: 2/2
  1681 | D:3      | Found a faded altar of an unknown god.
  1744 | D:3      | Prayed at the altar of an unknown god.
  1744 | D:3      | Became a worshipper of Cheibriados the Contemplative
  1744 | D:3      | Reached * piety under Cheibriados
  1900 | D:3      | Reached XP level 4. HP: 41/41 MP: 3/3
  2211 | D:3      | Found a burning altar of Makhleb.
  2212 | D:3      | Found a glowing silver altar of Zin.
  2212 | D:3      | Noticed an angel
  2213 | D:3      | Noticed an Executioner
  2499 | D:4      | Noticed Natasha
  2506 | D:4      | Killed Natasha
  2561 | D:4      | Found a runed translucent door.
  2564 | D:4      | Noticed Destapler's ghost (amateur DsSh)
  2566 | D:4      | Reached XP level 5. HP: 49/49 MP: 4/4
  2599 | D:4      | Reached ** piety under Cheibriados
  2602 | D:4      | Reached skill level 4 in Unarmed Combat
  2750 | D:4      | Noticed Natasha
  2758 | D:4      | Killed Natasha
  2759 | D:4      | Reached XP level 6. HP: 59/59 MP: 5/5
  2818 | D:4      | Noticed Natasha
  2823 | D:4      | Killed Natasha
  3009 | D:4      | Killed Destapler's ghost
  3010 | D:4      | Reached XP level 7. HP: 67/67 MP: 6/6
  3045 | D:5      | Entered Level 5 of the Dungeon
  3052 | D:5      | Reached skill level 5 in Unarmed Combat
  3088 | D:5      | Reached *** piety under Cheibriados
  3089 | D:5      | Reached skill level 5 in Shapeshifting
  3437 | D:5      | Reached XP level 8. HP: 61/78 MP: 7/7
  3451 | D:5      | Reached skill level 6 in Unarmed Combat
  3847 | D:6      | Identified the +2 helmet of Gallantry {MP+9}
  3927 | D:6      | Reached **** piety under Cheibriados
  4082 | D:6      | Reached skill level 1 in Throwing
  4082 | D:6      | Reached skill level 1 in Invocations
  4082 | D:6      | Reached skill level 1 in Evocations
  4192 | D:6      | You fall into a shaft and drop 1 floor!
  4329 | D:7      | Reached XP level 9. HP: 76/82 MP: 10/10
  4370 | D:7      | Noticed Pikel
  4386 | D:7      | Noticed Joseph
  4393 | D:7      | Killed Pikel
  4401 | D:7      | Killed Joseph
  4402 | D:7      | Reached skill level 7 in Unarmed Combat
  4895 | D:7      | Found an iron altar of Okawaru.
  4897 | D:7      | Reached skill level 8 in Unarmed Combat
  4897 | D:7      | Reached ***** piety under Cheibriados
  5190 | D:8      | Reached XP level 10. HP: 88/92 MP: 11/11
  5261 | D:8      | Reached skill level 9 in Unarmed Combat
  5340 | D:8      | Found a staircase to the Lair.
  5410 | D:8      | Identified the +6 sling "Demonslayer" {drain, rC+ Will+
                  | Str+3}
  5886 | D:9      | Reached skill level 10 in Unarmed Combat
  6126 | D:9      | Noticed Harold
  6129 | D:9      | Killed Harold
  6130 | D:9      | Reached skill level 10 in Shapeshifting
  6256 | D:9      | Reached XP level 11. HP: 92/101 MP: 12/12
  6315 | D:9      | Noticed a two-headed ogre
  6323 | D:9      | Killed a two-headed ogre
  6324 | D:9      | Reached skill level 5 in Fighting
  6386 | D:9      | Reached ****** piety under Cheibriados
  6530 | D:9      | Found a bloodstained altar of Trog.
  6594 | D:10     | Entered Level 10 of the Dungeon
  6621 | D:10     | Noticed Maggie
  6623 | D:10     | Found a flagged portal.
  6626 | D:10     | Killed Maggie
  6638 | D:10     | HP: 3/105 [killer bee (7)]
  6751 | Bailey   | Entered a bailey
  6894 | Bailey   | Noticed a vault guard
  6894 | Bailey   | Noticed Prince Ribbit
  6904 | Bailey   | Killed a vault guard
  6905 | Bailey   | Killed Prince Ribbit
  6939 | Bailey   | Noticed a vault guard
  6947 | Bailey   | Killed a vault guard
  7848 | D:11     | Noticed Erica
  7858 | D:11     | Killed Erica
  8416 | D:11     | Found a staircase to the Orcish Mines.
  8492 | D:11     | Noticed a two-headed ogre
  8497 | D:11     | Killed a two-headed ogre
  8555 | D:11     | Reached XP level 12. HP: 106/122 MP: 14/14
  8574 | D:11     | Noticed a two-headed ogre
  8579 | D:11     | Killed a two-headed ogre
  9045 | D:12     | Reached skill level 5 in Invocations
  9141 | D:12     | Reached skill level 11 in Unarmed Combat
  9177 | D:12     | Shot with an arrow by a centaur

Illustrated notes

Levels and vault maps discovered:
D:1:      lemuel_arrival_broad_hall, layout_loops_ring
D:2:      minmay_chambers_of_ones, layout_basic, serial_bayou_pond_d
D:3:      layout_basic, grunt_temple_overflow_order_and_chaos_2,
          ebering_ecumenical_altar_rust, kennysheep_generic_room_2
D:4:      layout_rooms, ebering_ghost_sewer_d, minmay_vboxes, uniq_natasha
D:5:      old_forge, layout_rooms
D:6:      layout_layer_cave, minmay_temple_entry_fiery
D:7:      minmay_angry_zag, layout_basic, okawaru_altar_gauntlet_db,
          minivault_10, uniq_pikel, uniq_joseph
D:8:      layout_cave_pools, erik_lair_dragon
D:9:      layout_roguey, marbit_many_paths, uniq_harold
D:10:     layout_loops_ring, enter_bailey_5, uniq_maggie
D:11:     layout_grid_maze, david_orc_2, uniq_erica
D:12:     layout_long_grid, ebering_ghost_funeral_grove,
          hangedman_corner_corridor, uniq_erolcha

Skill      XL: |  1  2  3  4  5  6  7  8  9 10 11 12 |
---------------+-------------------------------------+-----
Fighting       | 1 2 3 4 8 9 |  9.1
Dodging        | 2 3 4 |  4.0
Unarmed Combat | 4 5 6 8 10 11 | 11.1
Shapeshifting  | 4 5 6 7 10 | 10.0
Throwing       | 3 4 |  4.0
Invocations    | 3 4 5 |  5.4
Evocations     | 2 |  2.0

Action                     |  1- 3 |  4- 6 |  7- 9 | 10-12 || total
---------------------------+-------+-------+-------+-------++-------
  Melee: Unarmed           |    71 |    90 |   213 |   308 ||   682
         Punch             |     2 |     4 |    14 |    18 ||    38
  Throw: Stone             |       |       |       |     1 ||     1
 Invoke: Slouch            |       |       |       |     2 ||     2
Ability: Begin Untransform |     1 |       |       |     1 ||     2
  Evoke: Wand              |       |       |       |    20 ||    20
    Use: Potion            |       |     2 |       |     7 ||     9
         Scroll            |       |       |       |    16 ||    16
   Stab: Sleeping          |     1 |       |     2 |     2 ||     5
         Held in net/web   |       |       |     1 |       ||     1
 Armour: Animal skin       |    37 |    42 |   141 |   196 ||   416
         Skin              |       |    45 |     1 |   187 ||   233
  Dodge: Dodged            |    26 |    33 |   116 |   215 ||   390
  Block: Other             |       |       |       |    68 ||    68
         Reflection        |       |       |       |     6 ||     6
   Form: Beast             |     1 |       |       |       ||     1
         Flux              |       |       |       |     1 ||     1
